 Dungeon Crawl Stone Soup version 0.26.1-10-gdfb7c7de75 (webtiles) character file.

Game seed: 6297098290701767536

212 manyhoops the Ruffian (level 5, 0/49 HPs)
             Began as a Palentonga Transmuter on Apr 9, 2021.
             Slain by a jackal (3 damage)
             ... on level 3 of the Dungeon.
             The game lasted 00:03:21 (2537 turns).

manyhoops the Ruffian (Palentonga Transmuter)       Turns: 2537, Time: 00:03:21

Health: 0/49       AC:  4    Str: 14    XL:     5   Next: 58%
Magic:  6/8        EV: 10    Int: 11    God:
Gold:   104        SH:  0    Dex: 11    Spells: 5/8 levels left

rFire    + . .     SeeInvis +     - Unarmed
rCold    + . .     Faith    .   (no shield)
rNeg     . . .     Spirit   .   a - +0 robe
rPois    +         Reflect  .   (helmet restricted)
rElec    +         Harm     .   (no cloak)
rCorr    +         Rampage  .   (no gloves)
Will     .....                  (no barding)
Stlth    +.........             (no amulet)
HPRegen  0.16/turn              (no ring)
MPRegen  0.11/turn              (no ring)

@: lethally poisoned (0 -> -6), resistant, wereblooded, flying
A: large, horns 1, rugged brown scales 3, see invisible, deformed body,
deterioration 1, dopey 1, wild magic 1, roll 1, armoured tail
a: Rolling Charge


You were on level 3 of the Dungeon.
You visited 1 branch of the dungeon, and saw 3 of its levels.

You collected 104 gold pieces.

Inventory:

Armour
 a - a +0 robe (worn)
 h - a +0 helmet
Scrolls
 c - a scroll of remove curse
 j - a scroll of amnesia


   Skills:
 * Level 4.2 Fighting
 - Level 1.5 Dodging
 + Level 4.7 Unarmed Combat
 - Level 2.0 Spellcasting
 - Level 2.0 Transmutations


You had 5 spell levels left.
You knew the following spells:

 Your Spells              Type           Power        Failure   Level
a - Beastly Appendage     Tmut           14%          19%         1
b - Wereblood             Tmut           7%           26%         2

Your spell library contained the following spells:

 Spells                   Type           Power        Failure   Level
 Spider Form              Tmut/Pois      2%           58%         3
 Ice Form                 Ice/Tmut       4%           92%         4
 Blade Hands              Tmut           3%           99%         5


Dungeon Overview and Level Annotations

Branches:
Dungeon (3/15)

Altars:


Innate Abilities, Weirdness & Mutations

You are completely covered in rugged brown scales. (AC +3, +7% HP)
You have supernaturally acute eyesight. (SInv)
Armour fits poorly on your strangely shaped body.
You can roll at nearby foes to attack.
You have a long armoured tail.
You have a pair of small horns on your head.
Your body sometimes deteriorates upon taking damage.
You are dopey. (Int -2)
Your spells are a little harder to cast, but a little more powerful.


Message History

You hit the bat.
You kill the bat!
You feel sick. The kobold hits you.
* * * LOW HITPOINT WARNING * * *
The bat closely misses you. The goblin hits you but does no damage.
The quokka barely misses you.
The jackal bites you but does no damage.
The worker ant bites you.
* * * LOW HITPOINT WARNING * * *
As you read the scroll labelled ZAYTUZ MOTIGO, it crumbles to dust.
The scroll dissolves into smoke.
It was a scroll of fog.
The bat barely misses you. The quokka barely misses you.
The jackal barely misses you. The kobold hits you.
* * * LOW HITPOINT WARNING * * *
The goblin completely misses you. The worker ant closely misses you.
Unknown command.
You aren't carrying any potions.
* * * LOW HITPOINT WARNING * * *
You feel sick. The bat barely misses you. The jackal bites you.
You die...

...(..## .....?....
#....... .........
#....... .........
#..#.... .....$...
#....... ........#
#....... .....§..#
+.......
......r§##########.......
.....BK§@§b.........[....
......Bgh§.....#.#####.##
.......l.................
.................##...#.#
.........................
.......########...#......
....... #......#....#.
....... .........#.#..##
.. ...........<....


You could see a worker ant, a quokka, a jackal, a goblin, a bat, a kobold and a
frilled lizard.

Vanquished Creatures
  Sigmund (D:2)
  2 worms (D:2)
  A dart slug (D:1)
  3 leopard geckos
  5 orcs (D:2)
  A ball python (D:1)
  4 giant cockroaches
  4 goblins
  4 hobgoblins
  3 kobolds (D:1)
  A quokka (D:2)
  4 bats
  3 frilled lizards
  5 rats
41 creatures vanquished.

Notes
Turn   | Place    | Note
-------+----------+-------------------------------------------
     0 | D:1      | manyhoops the Palentonga Transmuter began the quest for the
                  | Orb.
     0 | D:1      | Reached XP level 1. HP: 17/17 MP: 3/3
   278 | D:1      | Reached XP level 2. HP: 25/25 MP: 5/5
  1173 | D:2      | Learned a level 2 spell: Wereblood
  1213 | D:2      | Reached XP level 3. HP: 26/33 MP: 3/6
  1889 | D:2      | Noticed Sigmund
  1894 | D:2      | Gained mutation: You are weak. (Str -2) [potion of
                  | mutation]
  1894 | D:2      | Gained mutation: You have an increased reservoir of magic.
                  | (+10% MP) [potion of mutation]
  1894 | D:2      | Gained mutation: You have sharp toenails. [potion of
                  | mutation]
  1894 | D:2      | Gained mutation: You have a pair of small antennae on your
                  | head. [potion of mutation]
  1904 | D:2      | Killed Sigmund
  1905 | D:2      | Reached XP level 4. HP: 42/42 MP: 7/7
  1905 | D:2      | Reached XP level 5. HP: 49/49 MP: 8/8
  2258 | D:2      | Lost mutation: You are weak. (Str -2) [potion of mutation]
  2258 | D:2      | Lost mutation: You have an increased reservoir of magic.
                  | (+10% MP) [potion of mutation]
  2258 | D:2      | Lost mutation: You have sharp toenails. [potion of
                  | mutation]
  2258 | D:2      | Lost mutation: You have a pair of small antennae on your
                  | head. [potion of mutation]
  2258 | D:2      | Gained mutation: You are dopey. (Int -2) [potion of
                  | mutation]
  2258 | D:2      | Gained mutation: Your spells are a little harder to cast,
                  | but a little more powerful. [potion of mutation]
  2258 | D:2      | Gained mutation: Your body sometimes deteriorates upon
                  | taking damage. [potion of mutation]
  2258 | D:2      | Gained mutation: You have a pair of small horns on your
                  | head. [potion of mutation]
  2537 | D:3      | Slain by a jackal

Illustrated notes

Levels and vault maps discovered:
D:1:      dpeg_arrival_simpleton_a, layout_basic, kennysheep_nondescript
D:2:      layout_loops_ring, uniq_sigmund
D:3:      layout_basic, chequers_ecumenical_altar_twisty, uniq_robin, uniq_ijyb

Skill      XL: |  1  2  3 |
---------------+----------+-----
Fighting       | 2 3 4 |  4.2
Unarmed Combat | 4 |  4.7
Dodging        | |  1.5
Spellcasting   | |  2.0
Transmutations | |  2.0

Action                   |  1- 3 |  4- 6 || total
-------------------------+-------+-------++-------
Melee: Unarmed           |   109 |    19 ||   128
       Tailslap          |    11 |     1 ||    12
       Kick              |     9 |     3 ||    12
       Headbutt          |     4 |     4 ||     8
Throw: Throwing net      |     1 |       ||     1
 Cast: Beastly Appendage |    12 |     3 ||    15
       Wereblood         |     1 |     1 ||     2
 Abil: Rolling Charge    |     1 |       ||     1
  Use: Potion            |     5 |     3 ||     8
       Scroll            |     2 |     1 ||     3
 Stab: Sleeping          |     1 |       ||     1
Armor: Robe              |    26 |    26 ||    52
       Skin              |     2 |       ||     2
Dodge: Dodged            |    53 |    49 ||   102
